AoeStats
← 88mirko88

Nomad

506515897Analyzed
2v2 RM · 19d ago on Sep 13, 2026· 69m 38s· 4 players
Game mode
Random Map
Map size
176×176
Population
200
Speed
Normal
Resources
Standard
Victory
Conquest
Starting age
Dark Age
Ending age
Imperial Age
RankedLock teamsTeams togetherTeam positionsShared explorationLock speedFull tech treeHidden civsTurbo modeCheats
Victory
Defeat
🇺🇸 Vikings · United States
919
+15
🇮🇹 Khmer · Italy
897
+39
🇨🇴 Britons · Colombia
903
-45
🇨🇴 Maya · Colombia
872
-38
CyberJPlayer
2:46 Loom
16:13 Feudal Age
16:44 Double-Bit Axe
16:40 Horse Collar
22:27 Wheelbarrow
25:25 Castle Age
24:21 Gold Mining
24:21 Stone Mining
26:23 Bow Saw
27:53 Town Watch
28:57 Hand Cart
29:31 Squires
28:55 Eagle Warrior
31:06 Forging
31:54 Scale Mail Armor
36:22 Stone Shaft Mining
36:47 Masonry
36:57 Ballistics
36:18 Treadmill Crane
36:34 Murder Holes
38:23 Chain Mail Armor
37:59 Fletching
38:13 Town Patrol
39:29 Thumb Ring
43:13 Imperial Age
40:11 Crossbowman
41:34 Bodkin Arrow
42:15 Iron Casting
41:42 Padded Archer Armor
44:50 Conscription
45:26 Elite Eagle Warrior
47:02 Hoardings
45:48 Elite Plumed Archer
48:38 Holcans
49:57 Architecture
50:30 Bracer
64:14 Leather Archer Armor
yersonluna24
7:35 Loom
17:35 Feudal Age
18:05 Town Watch
19:50 Gold Mining
19:52 Stone Mining
21:15 Arson
21:03 Man-at-Arms
22:25 Double-Bit Axe
31:02 Castle Age
33:32 Wheelbarrow
36:50 Gold Shaft Mining
35:53 Pikeman
39:06 Heated Shot
39:38 Ballistics
39:24 Horse Collar
40:54 Gambesons
40:39 Elite Skirmisher
41:57 Guard Tower
42:41 Long Swordsman
48:55 Imperial Age
47:40 Squires
49:02 Crossbowman
51:02 Arrowslits
52:45 Cavalier
57:01 Husbandry
58:01 Siphons
64:31 Demolition Ship
Rosslehoff
8:38 Loom
8:46 Loom
16:46 Feudal Age
17:22 Double-Bit Axe
17:42 Horse Collar
18:56 Fishing Lines
24:15 Castle Age
22:33 Padded Archer Armor
22:24 Fletching
23:10 Town Watch
23:26 Gold Mining
23:27 Stone Mining
25:01 Scale Mail Armor
25:11 Forging
25:21 Gillnets
25:01 Elite Skirmisher
25:39 Bodkin Arrow
26:27 Leather Archer Armor
26:35 Heavy Plow
28:34 Chain Mail Armor
28:54 Iron Casting
32:53 Town Patrol
33:05 Bow Saw
36:23 Gold Shaft Mining
39:25 Imperial Age
38:14 Ballistics
37:50 Murder Holes
38:05 Masonry
37:38 Treadmill Crane
41:33 Chemistry
41:27 Chieftains
43:14 Elite Berserk
44:30 Squires
44:18 Arson
45:06 Plate Mail Armor
46:48 Crop Rotation
46:23 Heavy Scorpion
48:10 Conscription
48:59 Blast Furnace
47:59 Bracer
48:30 Ring Archer Armor
53:18 Siege Engineers
61:50 Bogsveigar
61:18 Pikeman
62:35 Architecture
69:32 Spies/Treason
88mirko88
5:23 Loom
17:10 Feudal Age
17:36 Horse Collar
17:39 Man-at-Arms
20:04 Wheelbarrow
23:59 Double-Bit Axe
24:30 Town Watch
26:38 Arson
28:11 Bloodlines
28:11 Scale Barding Armor
28:17 Forging
36:27 Castle Age
35:27 Scale Mail Armor
37:03 Gold Mining
37:05 Stone Mining
37:29 Bow Saw
37:24 Heavy Plow
37:40 Husbandry
37:30 Light Cavalry
40:55 Hand Cart
40:45 Town Patrol
45:19 Gold Shaft Mining
45:20 Stone Shaft Mining
50:39 Imperial Age
49:16 Caravan
51:46 Masonry
52:22 Crop Rotation
53:05 Coinage
53:30 Conscription
54:50 Architecture
54:14 Guard Tower
57:34 Cavalier
63:03 Elite Ballista Elephant
Connection lost

Rejoining the realm…

Still unreachable

The connection could not be restored.

Session expired

The server has moved on; the page needs a fresh start.